cohdb
Replays
Latest Replays
All Replays
Popular Replays
Top Player Replays
Match Explorer
How It Works
Community
CoH3 Stats
Reddit
Sign in to upload your games and track your stats! →
Sign in with Steam
Match 39727688
Unlisted
Match 39727688
Overview
Messages
Build Orders
End
Construct Infanterie Kompanie
Selects Terror Battlegroup
MG 42 Machine Gun Team
Grenadier Squad
GrW 34 Mortar Team
Grenadier Squad
Selects Machine Gun Camouflage
Construct Luftwaffe Kompanie
MG 42 Machine Gun Team
Jäger Squad
Support Elements
Selects Defend the Fatherland
Marder III M Tank Destroyer
Defend the Fatherland
Wirbelwind Flakpanzer
Construct Panzergrenadier Kompanie
Jäger Squad
Pak 40 Anti-tank Gun Team
Construct Panzer Kompanie
Selects King Tiger Heavy Tank
matjouz
Sarmynation
Wodan
Gönndalf_der_Blaue
0
0
Comments
sign in to comment!
No comments posted yet!